 Dungeon Crawl Stone Soup version 0.30-a0-778-g2ef04afb54 (webtiles) character file.

Game seed: 16101255831335764241

1022 Firecrotchwizard the Cleaver (level 8, -3/71 HPs)
             Began as a Hill Orc Monk on Feb 16, 2023.
             Was a Priest of Beogh.
             Slain by Sigmund
             ... wielding a +0 scythe
              (5 damage)
             ... on level 5 of the Dungeon.
             The game lasted 00:12:16 (4674 turns).

Firecrotchwizard the Cleaver (Hill Orc Monk)        Turns: 4674, Time: 00:12:17

Health: -3/71      AC:  7    Str: 16    XL:     8   Next: 22%
Magic:  11/11      EV: 11    Int: 10    God:    Beogh [***...]
Gold:   204        SH:  0    Dex: 13    Spells: 7/7 levels left

rFire   + . .      SeeInvis .    n - +5 war axe of Rupitw Laog {heavy, rPois rF+ rC+}
rCold   + . .      Faith    .    (no shield)
rNeg    . . .      Spirit   .    h - +0 ring mail
rPois   +          Reflect  .    (no helmet)
rElec   .          Harm     .    (no cloak)
rCorr   .          Rampage  .    q - +1 pair of gloves
Will    .....                    (no boots)
Stlth   ++                       (no amulet)
HPRegen 0.31/turn                (no ring)
MPRegen 0.12/turn                (no ring)

@: no status effects
A: no striking features
a: Renounce Religion, Smiting


You were on level 5 of the Dungeon.
You worshipped Beogh.
Beogh was most pleased with you.
You visited 1 branch of the dungeon, and saw 5 of its levels.
You also visited: Sewer.

You collected 243 gold pieces.
You spent 39 gold pieces at shops.

Inventory:

Hand Weapons
 a - a +0 hand axe
 n - the +5 war axe of Rupitw Laog (weapon) {heavy, rPois rF+ rC+}
   (You found it on level 2 of the Dungeon)

   rF:        It protects you from fire.
   rC:        It protects you from cold.
   rPois:     It protects you from poison.
Missiles
 e - 8 poisoned darts
 i - 4 datura-tipped darts
 k - 3 curare-tipped darts
 o - 2 throwing nets {!d}
 s - 66 stones (quivered)
 t - 3 boomerangs
 w - 2 silver javelins
Armour
 b - a +0 robe
 h - a +0 ring mail (worn)
   (You found it on level 1 of the Dungeon)
 l - a +0 chain mail
   (You found it on level 1 of the Dungeon)
 q - a +1 pair of gloves (worn)
   (You found it on level 3 of the Dungeon)
 z - a +2 helmet
   (You took it off Robin on level 3 of the Dungeon)
Jewellery
 P - a ring of poison resistance {rPois, !d}
   (You found it on level 5 of the Dungeon)
Wands
 j - a wand of polymorph (5)
   (You took it off Jessica on level 3 of the Dungeon)
 v - a wand of quicksilver (8)
   (You found it on level 4 of the Dungeon)
 x - a wand of roots (11)
   (You found it on level 3 of the Dungeon)
Scrolls
 d - 4 scrolls of identify {unknown}
 f - a scroll of fog {unknown}
 p - a scroll of enchant armour {unknown}
 y - a scroll of noise {unknown}
 D - a scroll of amnesia {unknown}
 X - 3 scrolls of magic mapping {@r4!r}
 Y - 4 scrolls of teleportation {@r3}
Potions
 c - 4 potions of heal wounds {unknown}
 g - a potion of lignification {unknown}
 m - 2 potions of flight {unknown}
 r - a potion of mutation {unknown}
 u - 2 potions of degeneration {unknown}
 A - a potion of invisibility {unknown}
 B - a potion of attraction {unknown}
 F - a potion of magic {unknown}
 G - 2 potions of ambrosia {!q}
 J - 5 potions of curing {@q1}
 T - 2 potions of berserk rage {!q}
Miscellaneous
 E - a piece from Xom's chessboard (15/15)
   (You found it in a sewer)


   Skills:
 + Level 6.6 Fighting
 * Level 8.7 Axes
 - Level 3.4 Dodging
 - Level 3.0 Stealth
 + Level 4.3 Invocations


You had 7 spell levels left.
You didn't know any spells.
Your spell library contained the following spells:

 Spells                   Type           Power      Damage    Failure   Level
 Magic Dart               Conj           0%         1d3       58%         1
 Searing Ray              Conj           0%         2d4       73%         2
 Fulminant Prism          Conj/Hex       0%         3d5       100%        4


Dungeon Overview and Level Annotations

Branches:
Dungeon (5/15)             Temple (0/1) D:4           Sewer (visited)

Altars:
Cheibriados

Shops:
D:2 *(!   D:5 (

Annotations:
D:4 1 runed translucent door, exclusion: door, Crazy Yiuf
D:5 Sigmund


Message History

Beogh accepts your kill.
Your Invocations skill increases to level 4!
Things that are here:
a +0 giant spiked club; an ogre corpse
Found a stone staircase leading up.
Health restored: 71; MP restored: 11 You see here a +0 scale mail.
Found Orhoc's Weapon Boutique.
There is an entrance to Orhoc's Weapon Boutique here.
You see here a human corpse.
A black bear comes into view.
The black bear growls angrily.
The black bear bites you.
The black bear claws you but does no damage. x2
You take 3 damage, and have 68/71 hp.
You slice the black bear!!
The black bear goes berserk!
You slice the black bear!!
You kill the black bear!
Beogh accepts your kill.
You can now recall your orcish followers.
You see here a black bear corpse.
Found a stone staircase leading down.
Health restored: 71
There is a stone staircase leading down here.
You open the door.
There is an open door here.
There is a stone staircase leading down here.
Things that are here:
a +0 giant spiked club; an ogre skeleton
There is an open door here.
You can no longer recall your orcish followers.
Partly explored, can't reach some items and places.
(D) Dungeon (T) Temple
Where to? (Enter - D:4, ? - help)
There is a stone staircase leading up here.
You climb upwards.
Level annotation: 1 runed translucent door, exclusion: door, Crazy Yiuf
There is a stone staircase leading down here.
There is an open door here.
You swap places.
You swap places.
You swap places.
What are your orders? t - Shout!
Orders for allies: a - Attack new target. r - Retreat! s - Stop attacking. g - Guard the area. f - Follow me.
Anything else - Cancel.
Follow me!
You see here a black bear skeleton.
You swap places.
There is a stone staircase leading down here.
You climb downwards.
Level annotation: Sigmund
There is a stone staircase leading up here.
You swap places.
There is an open door here.
Really walk into a travel-excluded area?
Sigmund shouts!
Sigmund says, "Look into my eyes."
Sigmund hits you from afar with a +0 scythe.
You take 4 damage, and have 67/71 hp.
You closely miss Sigmund.
Sigmund zaps a wand.
The bolt of dispelling energy hits you!
The bolt of dispelling energy hits your orc!!
Your orc dies!
Sigmund zaps a wand.
The bolt of dispelling energy hits you!
The bolt of dispelling energy hits your orc wizard!
You take 27 damage, and have 40/71 hp.
MASSIVE DAMAGE!!
You slash Sigmund!
Sigmund zaps a wand.
The bolt of dispelling energy hits you!
You take 15 damage, and have 25/71 hp.
MASSIVE DAMAGE!!
You barely miss Sigmund.
Sigmund gestures wildly while chanting.
Sigmund flickers and vanishes!
Deactivating autopickup; reactivate with Ctrl-A.
You hear some strange, mumbled words.
A magic dart appears from out of thin air!
The magic dart hits you.
You take 3 damage, and have 22/71 hp.
You closely miss something. Something hits you!
* * * LOW HITPOINT WARNING * * *
You take 9 damage, and have 13/71 hp.
You slash something! Something hits you.
* * * LOW HITPOINT WARNING * * *
You take 3 damage, and have 10/71 hp.
You closely miss something.
You hear some strange, mumbled words.
A magic dart appears from out of thin air!
The magic dart hits you!
* * * LOW HITPOINT WARNING * * *
You take 8 damage, and have 2/71 hp.
You miss something. Something hits you.
You die...

#..# #.........###########.# #..#
###.................... ####
######.############### ..# .#
##.## .# # ### ## .##...##. # # #
. ..#...8...#!. # # ...
..#...#..#.. # # #....#{o8..#....
# ### #..@o...#. # ..#########
#.##o##.# #########
#.......#.#### #...# ####.#......
########.##..# ##.## #..##.######
# ##.#...####...####...#.## # #
##.##........#........##.## # #
##.#...####.o###..####...#.### #
##)##..........#..........##.##
###.#...##..####...####..##...#.#


You could see a friendly orc wizard and 2 friendly orcs.

Vanquished Creatures
  Grinder (D:4)
  2 black bears
  Pargi (Sewer)
  An ogre (D:5)
  A howler monkey (D:5)
  An orc priest (D:4)
  2 hounds (D:5)
  2 iguanas
  Jessica (D:3)
  Natasha (thrice) (D:3)
  An orc wizard (D:3)
  Robin (D:3)
  11 adders
  An ufetubus (D:5)
  A worm (D:2)
  4 dart slugs
  4 orcs
  8 ball pythons
  9 endoplasms
  2 giant cockroaches
  7 goblins
  14 hobgoblins
  2 jackals (D:1)
  5 kobolds
  13 bats
  6 frilled lizards
  9 rats
113 creatures vanquished.

Vanquished Creatures (collateral kills)
  An orc (D:4)
  A ball python (D:4)
  A giant cockroach (D:4)
  2 kobolds (D:4)
5 creatures vanquished.

Vanquished Creatures (others)
  3 orcs
  An endoplasm (D:3)
  2 jackals (D:3)
  3 plants (D:2)
  A withered plant (D:1)
10 creatures vanquished.

Grand Total: 128 creatures vanquished

Notes
Turn   | Place    | Note
-------+----------+-------------------------------------------
     0 | D:1      | Firecrotchwizard the Hill Orc Monk began the quest for the
                  | Orb.
     0 | D:1      | Reached XP level 1. HP: 19/19 MP: 1/1
   200 | D:1      | Reached XP level 2. HP: 27/27 MP: 2/2
   255 | D:1      | Found a faded altar of an unknown god.
   538 | D:1      | Reached skill level 4 in Fighting
   553 | D:1      | Reached skill level 2 in Stealth
   553 | D:1      | Reached XP level 3. HP: 31/33 MP: 3/3
   929 | D:2      | Identified the +5 war axe of Rupitw Laog {heavy, rPois rF+
                  | rC+}
   983 | D:2      | Found Niumul's Antique Weapon Emporium.
   992 | D:2      | Found Hapade's Distillery.
  1000 | D:2      | Bought a potion of curing for 39 gold pieces
  1123 | D:3      | Became a worshipper of Beogh the Brigand
  1123 | D:3      | Reached * piety under Beogh
  1123 | D:3      | Reached ** piety under Beogh
  1222 | D:3      | Noticed Jessica
  1227 | D:3      | Killed Jessica
  1228 | D:3      | Reached XP level 4. HP: 41/41 MP: 4/4
  1229 | D:3      | Reached skill level 5 in Axes
  1229 | D:3      | Reached skill level 3 in Dodging
  1257 | D:3      | Noticed Natasha
  1262 | D:3      | Killed Natasha
  1263 | D:3      | Reached XP level 5. HP: 42/47 MP: 5/5
  1369 | D:3      | Noticed Natasha
  1380 | D:3      | Killed Natasha
  1455 | D:3      | Noticed Robin
  1459 | D:3      | Killed Robin
  1500 | D:3      | Noticed Natasha
  1504 | D:3      | Killed Natasha
  1904 | D:2      | Found Hiplim's General Store.
  1932 | D:2      | Reached skill level 5 in Fighting
  1950 | D:2      | Reached XP level 6. HP: 56/56 MP: 6/6
  2522 | D:4      | Reached *** piety under Beogh
  2523 | D:4      | Reached skill level 3 in Stealth
  2581 | D:4      | Found a runed translucent door.
  2582 | D:4      | Noticed Crazy Yiuf
  2882 | D:4      | Reached skill level 6 in Axes
  2882 | D:4      | Reached skill level 1 in Invocations
  3326 | D:4      | Found a staircase to the Ecumenical Temple.
  3387 | D:5      | Entered Level 5 of the Dungeon
  3390 | D:5      | Noticed a black bear
  3397 | D:4      | Killed a black bear
  3398 | D:4      | Reached skill level 2 in Invocations
  3431 | D:5      | Noticed Grinder
  3461 | D:4      | Killed Grinder
  3462 | D:4      | Reached skill level 7 in Axes
  3462 | D:4      | Reached XP level 7. HP: 52/62 MP: 7/9
  3647 | D:5      | Reached skill level 3 in Invocations
  3688 | D:5      | Reached skill level 6 in Fighting
  3756 | D:5      | Noticed Sigmund
  4005 | D:5      | Found a snail-covered altar of Cheibriados.
  4048 | D:5      | Found a glowing drain.
  4072 | Sewer    | Entered a sewer
  4105 | Sewer    | Noticed Pargi
  4112 | Sewer    | Killed Pargi
  4113 | Sewer    | Reached skill level 8 in Axes
  4113 | Sewer    | Reached XP level 8. HP: 71/71 MP: 10/10
  4169 | D:5      | Reached skill level 4 in Invocations
  4249 | D:5      | Found Orhoc's Weapon Boutique.
  4282 | D:5      | Reached **** piety under Beogh
  4671 | D:5      | HP: 13/71 [something (10)]
  4673 | D:5      | HP: 2/71 [something/magic dart (9)]
  4674 | D:5      | Slain by Sigmund

Illustrated notes

Levels and vault maps discovered:
D:1:      dpeg_arrival_court, layout_loops_corners,
          ebering_ecumenical_altar_petrified
D:2:      layout_rooms, serial_shops, nicolae_shop_hallway_plus, shop_statue,
          nicolae_shop_window_shopping, hex_intersection,
          chequers_serial_rivers_marsh, serial_bayou_lagoon_a
D:3:      layout_basic, uniq_robin, uniq_jessica, uniq_natasha
D:4:      layout_basic, minmay_temple_entry_antechambers,
          uniq_crazy_yiuf_cottage
D:5:      wad_crossroads, layout_basic, chei_slow_surprise, serial_shops,
          nicolae_shop_bloodbath_and_beyond, gup_sewer_entry_glass,
          nicolae_titane, uniq_sigmund, uniq_grinder

Skill      XL: |  1  2  3  4  5  6  7  8 |
---------------+-------------------------+-----
Fighting       | 4 5 6 |  6.6
Stealth        | 2 3 |  3.0
Axes           | 5 7 8 |  8.7
Dodging        | 3 |  3.4
Invocations    | 2 3 4 |  4.3

Action                     |  1- 3 |  4- 6 |  7- 9 || total
---------------------------+-------+-------+-------++-------
  Melee: Hand axe          |    89 |       |       ||    89
         Punch             |     1 |     1 |     1 ||     3
         War axe           |    15 |    81 |    46 ||   142
  Throw: Stone             |       |     3 |     2 ||     5
 Invoke: Convert to Beogh  |     1 |       |       ||     1
    Use: Scroll            |       |     2 |       ||     2
   Stab: Sleeping          |     3 |     3 |     1 ||     7
 Armour: Robe              |    10 |       |       ||    10
         Ring mail         |    28 |    40 |    40 ||   108
  Dodge: Dodged            |    60 |    44 |    44 ||   148

Table legend: (Time is in decaauts)
 A = Elapsed time spent in this place.
 B = Non-inter-level travel time spent in this place.
 C = Inter-level travel time spent in this place.
 D = Time resting spent in this place.
 E = Time spent auto-exploring this place.
 F = Levels seen in this place.
 G = Mean time per level.
                   A        B        C        D        E       F      G
               +--------+--------+--------+--------+--------+-----+--------+
         Total |   4807 |   4516 |    291 |     12 |   3503 |   6 |  801.2 |
       Dungeon |   4721 |   4430 |    291 |     12 |   3471 |   5 |  944.2 |
         Sewer |     86 |     86 |      0 |      0 |     32 |   1 |   86.0 |
               +--------+--------+--------+--------+--------+-----+--------+

Top non-repeatable levels by time:
     D:5: 1176 daAuts
     D:1: 1074 daAuts
     D:4: 955 daAuts
     D:3: 933 daAuts
     D:2: 582 daAuts
   Sewer: 86 daAuts

Table legend:
 A = Kills in this place as a percentage of kills in entire the game.
 B = Kills by you in this place as a percentage of kills by you in the entire game.
 C = Kills by friends in this place as a percentage of kills by friends in the entire game.
 D = Other kills in this place as a percentage of other kills in the entire game.
 E = Experience gained in this place as a percentage of experience gained in the entire game.
 F = Experience gained in this place divided by the number of levels of this place that you have seen.
                   A       B       C       D       E      F
               +-------+-------+-------+-------+-------+----------------------
         Total | 100.0 | 100.0 | 100.0 |   N/A | 100.0 | 243.3
       Dungeon |  91.5 |  91.2 | 100.0 |   N/A |  89.6 | 261.6
         Sewer |   8.5 |   8.8 |   0.0 |   N/A |  10.4 | 152.0
               +-------+-------+-------+-------+-------+----------------------
